 Dungeon Crawl Stone Soup version 0.30-a0-916-g9813417 (webtiles) character file.

Game seed: 6375361050578381557

75 Violenta the Chopper (level 4, 0/40 HPs)
             Began as a Hill Orc Monk on Apr 19, 2023.
             Slain by a jackal (1 damage)
             ... on level 4 of the Dungeon.
             The game lasted 00:03:55 (2213 turns).

Violenta the Chopper (Hill Orc Monk)                Turns: 2213, Time: 00:03:56

Health: 0/40       AC:  4    Str: 15    XL:     4   Next: 31%
Magic:  4/4        EV: 12    Int: 10    God:
Gold:   127        SH:  0    Dex: 13    Spells: 3/3 levels left

rFire   . . .      SeeInvis .    a - +0 hand axe
rCold   . . .      Faith    .    (no shield)
rNeg    . . .      Spirit   .    j - +0 leather armour
rPois   .          Reflect  .    h - +0 helmet
rElec   .          Rampage  .    d - scarf {repulsion}
rCorr   .                        (no gloves)
Will    .....                    (no boots)
Stlth   ++                       (no amulet)
HPRegen 0.26/turn                (no ring)
MPRegen 0.09/turn                (no ring)

@: repel missiles
A: no striking features
a: no special abilities


You were on level 4 of the Dungeon.
You visited 1 branch of the dungeon, and saw 4 of its levels.

You collected 127 gold pieces.

Inventory:

Hand Weapons
 a - a +0 hand axe (weapon)
Armour
 d - a scarf of repulsion (worn)
 h - a +0 helmet (worn)
 j - a +0 leather armour (worn)
Jewellery
 l - a ring of ice
 m - a ring of flight
Scrolls
 b - a scroll of identify {unknown}
Potions
 c - a potion of brilliance {unknown}
 e - a potion of might {unknown}
 f - 2 potions of curing {unknown}
 g - 2 potions of haste {unknown}
 i - a potion of flight {unknown}
 k - a potion of resistance {unknown}


   Skills:
 + Level 4.3 Fighting
 * Level 5.3 Axes
 + Level 1.7 Armour
 + Level 2.6 Dodging
 - Level 1.5 Stealth


You had 3 spell levels left.
You didn't know any spells.
Your spell library contained the following spells:

 Spells                   Type           Power      Damage    Failure   Level
 Necrotise                Necr           0%         1d4       43%         1
 Vampiric Draining        Necr           0%         2d6       80%         3
 Agony                    Necr           0%         N/A       100%        5


Dungeon Overview and Level Annotations

Branches:
Dungeon (4/15)
 Temple: D:4-7

Altars:

Shops:
D:2 *


Message History

The gnoll hits you from afar with a +0 spear.
* * * LOW HITPOINT WARNING * * *
You climb downwards.
You hear the sound of rushing water.
There is an entrance to a sewer on this level.
Hurry and find it before the portal rusts away!
The jackal barks! x3
Found a scroll labelled ADDEUCH CIMM.
There is a stone staircase leading up here.
The hound barely misses you.
You hit the hound.
The hound is severely wounded.
The hound barely misses you. The hound attacks as you move away!
The hound closely misses you. The jackal attacks as you move away!
The jackal barely misses you. The jackal bites you.
* * * LOW HITPOINT WARNING * * *
The hound bites you.
* * * LOW HITPOINT WARNING * * *
The jackal bites you.
* * * LOW HITPOINT WARNING * * *
The jackal closely misses you.
You barely miss the hound.
The hound is severely wounded.
You miss the jackal. You hit the jackal. The hound barely misses you.
The jackal closely misses you.
The jackal bites you but does no damage.
The hound bites you.
* * * LOW HITPOINT WARNING * * *
You barely miss the hound.
The hound is severely wounded.
You hit the jackal. You barely miss the jackal. The jackal misses you.
The jackal completely misses you. The hound bites you but does no damage.
You hit the hound.
The hound is almost dead.
You closely miss the jackal. You barely miss the jackal. The jackal bites you.
* * * LOW HITPOINT WARNING * * *
The jackal closely misses you. The hound bites you.
* * * LOW HITPOINT WARNING * * *
The jackal bites you.
You die...

.## ..##
#... ...
##.. #..
##.# #h.#
#######@##
###....#hh#
#......hh##
#........#
?.......##
.........
.........
.........#
#.........


You could see a hound and 4 jackals.

Vanquished Creatures
  2 adders (D:2)
  A worm (D:2)
  3 dart slugs (D:2)
  6 ball pythons
  4 bats
  7 endoplasms (D:1)
  3 giant cockroaches
  5 goblins
  4 hobgoblins
  3 frilled lizards
  3 kobolds
  5 rats
46 creatures vanquished.

Notes
Turn   | Place    | Note
-------+----------+-------------------------------------------
     0 | D:1      | Violenta the Hill Orc Monk began the quest for the Orb.
     0 | D:1      | Reached XP level 1. HP: 19/19 MP: 1/1
   124 | D:1      | Reached XP level 2. HP: 27/27 MP: 2/2
   313 | D:1      | Reached skill level 1 in Armour
   493 | D:1      | Reached XP level 3. HP: 27/33 MP: 3/3
  1117 | D:2      | Reached skill level 5 in Axes
  1152 | D:2      | Found a faded altar of an unknown god.
  1440 | D:2      | Found Gyiginn's General Store.
  1677 | D:2      | Reached XP level 4. HP: 26/40 MP: 4/4
  2213 | D:4      | HP: 1/40 [hound (3)]
  2213 | D:4      | Slain by a jackal

Illustrated notes

Levels and vault maps discovered:
D:1:      roderic_dead_forest, layout_basic, grunt_decor_junction
D:2:      layout_loops_ring, serial_shops, nicolae_shop_window_shopping,
          chequers_ecumenical_altar_island
D:3:      layout_loops_ring, minmay_tree_intersection
D:4:      layout_cave_pods, worldfamousw_hep_ancestral_shrine,
          nemelex_dance_club_becter, mainiacjoe_overflow_surrounded_room,
          gup_sewer_entry_bowl

Skill      XL: |  1  2  3 |
---------------+----------+-----
Armour         | 1 |  1.7
Fighting       | 4 |  4.3
Axes           | 5 |  5.3
Dodging        | |  2.6
Stealth        | |  1.5

Action                     |  1- 3 |  4- 6 || total
---------------------------+-------+-------++-------
  Melee: Hand axe          |   143 |    29 ||   172
         Punch             |     1 |       ||     1
    Use: Potion            |     1 |       ||     1
   Stab: Sleeping          |     7 |     1 ||     8
 Armour: Robe              |     7 |       ||     7
         Leather armour    |    19 |    14 ||    33
  Dodge: Dodged            |    80 |    37 ||   117
         Repelled          |       |     1 ||     1

Table legend: (Time is in decaauts)
 A = Elapsed time spent in this place.
 B = Non-inter-level travel time spent in this place.
 C = Inter-level travel time spent in this place.
 D = Time resting spent in this place.
 E = Time spent auto-exploring this place.
 F = Levels seen in this place.
 G = Mean time per level.
                   A        B        C        D        E       F      G
               +--------+--------+--------+--------+--------+-----+--------+
         Total |   2225 |   2125 |    100 |    254 |   1395 |   4 |  556.2 |
       Dungeon |   2225 |   2125 |    100 |    254 |   1395 |   4 |  556.2 |
               +--------+--------+--------+--------+--------+-----+--------+

Top non-repeatable levels by time:
     D:1: 1012 daAuts
     D:2: 949 daAuts
     D:3: 254 daAuts
     D:4: 7 daAuts
